 Dungeon Crawl Stone Soup version 0.29.0-7-g18a832c13a (webtiles) character file.

Game seed: 4511362550920663529

1977 apoch the Fighter (level 9, 0/81 HPs)
             Began as a Minotaur Fighter on Aug 31, 2022.
             Was a Believer of Qazlal.
             Killed from afar by a white imp (12 damage)
             ... with a puff of frost
             ... on level 6 of the Dungeon.
             The game lasted 00:15:03 (6914 turns).

apoch the Fighter (Minotaur Fighter)                Turns: 6914, Time: 00:15:03

Health: 0/81       AC:  6    Str: 26    XL:     9   Next: 0%
Magic:  11/11      EV:  8    Int:  5    God:    Qazlal [**....]
Gold:   280        SH: 13    Dex:  9    Spells: 8/8 levels left

rFire   . . .      SeeInvis .   a - +0 war axe
rCold   . . .      Faith    +   n - +2 kite shield
rNeg    . . .      Spirit   .   h - +0 scale mail
rPois   .          Reflect  .   (helmet restricted)
rElec   .          Harm     .   B - +1 cloak
rCorr   .          Rampage  .   (no gloves)
Will    .....                   (no boots)
Stlth   ..........              C - amulet of faith
HPRegen 0.23/turn               (no ring)
MPRegen 0.12/turn               (no ring)

@: corroded
A: horns 2, retaliatory headbutt
a: Renounce Religion, Upheaval


You were on level 6 of the Dungeon.
You worshipped Qazlal.
Qazlal was pleased with you.
You visited 1 branch of the dungeon, and saw 6 of its levels.

You collected 403 gold pieces.
You spent 123 gold pieces at shops.

Inventory:

Hand Weapons
 a - a +0 war axe (weapon)
 b - a +2 whip of freezing
 u - a +2 flail of protection
 L - a +0 war axe
Missiles
 s - 9 stones (quivered)
 J - 2 boomerangs
 M - 10 poisoned darts
 N - a curare-tipped dart
Armour
 c - a +0 buckler
 e - a +0 tower shield
 h - a +0 scale mail (worn)
 n - a +2 kite shield (worn)
 B - a +1 cloak (worn)
Jewellery
 t - an amulet of the acrobat
 A - a +6 ring of dexterity
 C - an amulet of faith (around neck)
 K - an amulet of magic regeneration
Wands
 z - a wand of polymorph (6)
 F - a wand of mindburst (19)
Scrolls
 d - a scroll of blinking
 g - 5 scrolls of teleportation
 i - 6 scrolls of identify
 j - 4 scrolls of summoning
 l - 2 scrolls of butterflies
 m - a scroll of enchant armour
 q - 2 scrolls of enchant weapon
 r - a scroll of immolation
 y - a scroll of amnesia
 H - a scroll of fear {unknown}
Potions
 f - a potion of attraction
 k - 2 potions of heal wounds
 o - 4 potions of flight
 p - 2 potions of magic
 v - a potion of degeneration {unknown}
 w - a potion of mutation {unknown}
 x - a potion of ambrosia {unknown}
 D - 2 potions of curing
 E - a potion of berserk rage {unknown}
 G - a potion of haste {unknown}
 I - a potion of lignification {unknown}


   Skills:
 + Level 8.1 Fighting
 + Level 7.5 Axes
 + Level 8.0 Armour
 - Level 3.8 Shields
 + Level 5.3 Invocations


You had 8 spell levels left.
You didn't know any spells.
Your spell library contained the following spells:

 Spells                   Type           Power      Damage    Failure   Level
 Blink                    Tloc           0%         N/A       99%         2
 Sublimation of Blood     Necr           0%         N/A       99%         2
 Wereblood                Tmut           0%         N/A       99%         2
 Petrify                  Tmut/Erth      0%         N/A       100%        4
 Manifold Assault         Tloc           0%         N/A       100%        5
 Metabolic Englaciation   Hex/Ice        0%         N/A       100%        5
 Statue Form              Tmut/Erth      0%         N/A       100%        6
 Storm Form               Tmut/Air       0%         N/A       100%        7
 Summon Hydra             Summ           0%         N/A       100%        7


Dungeon Overview and Level Annotations

Branches:
Dungeon (6/15)             Temple (0/1) D:6

Altars:
Makhleb
Okawaru
Qazlal
Vehumet

Shops:
D:4 ?


Innate Abilities, Weirdness & Mutations

You have a pair of horns on your head.
You reflexively headbutt those who attack you in melee.


Message History

The orc priest is lightly wounded.
The orc priest hits you but does no damage.
You hit the orc priest.
The orc priest is heavily wounded.
You block the orc priest's attack.
The orc priest begins to cast a cantrip, but forgets the words!
You hit the orc priest.
The orc priest is severely wounded.
The orc priest calls down the wrath of Beogh upon you.
You struggle to resist.
You barely miss the orc priest.
The orc priest is severely wounded.
The orc priest closely misses you.
You closely miss the orc priest. You headbutt the orc priest.
The orc priest is severely wounded.
The orc priest barely misses you.
The orc priest calls down the wrath of Beogh upon you.
Beogh smites you!
* * * LOW HITPOINT WARNING * * *
You closely miss the orc priest. Your headbutt misses the orc priest.
The orc priest is severely wounded.
You block the orc priest's attack.
You slash the orc priest!
You kill the orc priest!
Qazlal accepts your kill. The white imp gestures at you.
The puff of frost hits you.
* * * LOW HITPOINT WARNING * * *
Your Armour skill increases to level 8!
You have reached level 9!
Your experience leads to an increase in your attributes!
Increase (S)trength, (I)ntelligence, or (D)exterity?
You feel stronger. x2
You block the white imp's attack.
Items here: )))) [[[ †††.
You hit the white imp but do no damage. The white imp closely misses you.
You furiously retaliate!
You headbutt the white imp! The white imp gestures at you.
The puff of frost hits you!
You die...

#.#.........#.#
#....#...#....#
)..#...#...#..#
##...........##
##..#.#.#...#
#........#.#
#.######...# #..
#.##.#######.#.#
#..
#.......@5......
#...
#....####)....##
#... #....#
....... #....
#....# ..##.##
.. #....# #.# #
#..... ..
#..#>.. .#.
#..##..# .#.


You could see a white imp.

Vanquished Creatures
  A two-headed ogre (D:6)
  4 phantoms
  A kobold brigand (D:6)
  A bullfrog (D:6)
  3 scorpions
  A water moccasin skeleton (D:4)
  A bullfrog zombie (D:4)
  A jelly (D:6)
  2 orc priests (D:6)
  A gnoll bouda (D:4)
  Crazy Yiuf (D:3)
  2 iguanas (D:5)
  Ijyb (D:3)
  Terence (D:3)
  A scorpion zombie (D:4)
  3 orc wizards
  7 gnolls
  9 adders
  2 white imps (D:6)
  An ufetubus (D:5)
  An adder zombie (D:4)
  2 adder skeletons (D:4)
  2 worms
  6 dart slugs
  20 orcs
  5 endoplasms
  4 giant cockroaches
  9 goblins
  13 hobgoblins
  12 jackals
  2 quokkas
  7 ball pythons
  3 bats
  2 frilled lizards
  7 kobolds
  A quokka zombie (D:4)
  2 rats
142 creatures vanquished.

Vanquished Creatures (others)
  An orc wizard (D:6)
  77 plants (D:1)
  A withered plant (D:4)
79 creatures vanquished.

Grand Total: 221 creatures vanquished

Notes
Turn   | Place    | Note
-------+----------+-------------------------------------------
     0 | D:1      | apoch the Minotaur Fighter began the quest for the Orb.
     0 | D:1      | Reached XP level 1. HP: 19/19 MP: 0/0
    36 | D:1      | Reached XP level 2. HP: 18/27 MP: 1/1
   505 | D:1      | Reached XP level 3. HP: 33/33 MP: 2/2
  1225 | D:2      | Found a stormy altar of Qazlal.
  1236 | D:2      | Reached XP level 4. HP: 39/41 MP: 3/3
  1246 | D:2      | Became a worshipper of Qazlal Stormbringer
  1692 | D:3      | Noticed Terence
  1696 | D:3      | Killed Terence
  1898 | D:3      | Reached skill level 1 in Invocations
  1898 | D:3      | Reached XP level 5. HP: 47/47 MP: 4/4
  1910 | D:3      | Noticed Ijyb
  1952 | D:3      | Killed Ijyb
  2252 | D:3      | Reached skill level 5 in Fighting
  2263 | D:3      | Reached skill level 5 in Armour
  2263 | D:3      | Found an iron altar of Okawaru.
  2587 | D:3      | Found a burning altar of Makhleb.
  2593 | D:3      | Reached * piety under Qazlal
  2674 | D:3      | Found a faded altar of an unknown god.
  2744 | D:3      | Found a runed translucent door.
  2745 | D:3      | Noticed Crazy Yiuf
  2753 | D:3      | Killed Crazy Yiuf
  2847 | D:4      | Noticed a phantom
  2868 | D:4      | Killed a phantom
  2869 | D:4      | Reached XP level 6. HP: 40/56 MP: 6/6
  3353 | D:4      | Reached skill level 5 in Axes
  3435 | D:4      | Identified the +1 leather armour of the Present {rPois
                  | Will++ rCorr}
  3958 | D:3      | Reached XP level 7. HP: 57/62 MP: 8/8
  4247 | D:4      | Found Luuzxuod's Magic Scroll Emporium.
  4258 | D:4      | Bought a scroll of enchant weapon for 97 gold pieces
  4258 | D:4      | Bought a scroll of identify for 26 gold pieces
  4739 | D:5      | Entered Level 5 of the Dungeon
  5827 | D:5      | Reached ** piety under Qazlal
  6434 | D:6      | Found a staircase to the Ecumenical Temple.
  6439 | D:6      | Reached XP level 8. HP: 70/71 MP: 9/9
  6640 | D:6      | Found a radiant altar of Vehumet.
  6714 | D:6      | Noticed a two-headed ogre
  6734 | D:6      | Killed a two-headed ogre
  6735 | D:6      | Reached skill level 5 in Invocations
  6913 | D:6      | Reached XP level 9. HP: 11/81 MP: 11/11
  6914 | D:6      | Killed from afar by a white imp

Illustrated notes

Levels and vault maps discovered:
D:1:      roderic_crop_circles_arrival_small, layout_basic,
          hangedman_decor_clover_reticule
D:2:      layout_loops_ring, basic_altar
D:3:      layout_basic, okawaru_altar_gauntlet_db, lemuel_tele_altar,
          chequers_ecumenical_altar_island, uniq_terence, uniq_ijyb,
          uniq_crazy_yiuf_cottage
D:4:      layout_basic, serial_undead, serial_undead_b, serial_undead_e,
          serial_undead_e, serial_undead_c, serial_undead_c, serial_undead_d,
          serial_shops, nicolae_shop_temple_entry_statues_fountains
D:5:      layout_cave_pods
D:6:      layout_basic, nicolae_vehumet_radiance, minmay_temple_entry_offerings,
          gammafunk_ghost_smash

Skill      XL: |  1  2  3  4  5  6  7  8 |
---------------+-------------------------+-----
Fighting       | 4 5 6 8 |  8.1
Armour         | 4 5 6 8 |  8.0
Axes           | 3 4 5 6 7 |  7.5
Invocations    | 1 2 3 5 |  5.3
Shields        | |  3.8

Action                   |  1- 3 |  4- 6 |  7- 9 || total
-------------------------+-------+-------+-------++-------
Melee: War axe           |    23 |       |   173 ||   196
       Headbutt          |     9 |    30 |    19 ||    58
       Whip              |    55 |   208 |       ||   263
       Unarmed           |       |    25 |       ||    25
Throw: Stone             |       |    16 |    55 ||    71
  Use: Potion            |       |     3 |     2 ||     5
       Scroll            |       |       |    14 ||    14
Armor: Scale mail        |    34 |    71 |    55 ||   160
Dodge: Dodged            |    31 |    60 |    48 ||   139
Block: Buckler           |     9 |       |       ||     9
       Kite shield       |    13 |    83 |    92 ||   188
